TOP OF THE 1ST |
Atlantic City Sonics batting - Pitching for Lake Minnetonka Love Boats : LHP Alejandro García
|
Pitching: LHP Alejandro García
|
|
Batting: RHB Toyozo Yamasaki
|
0-0: Ball 1-0: Ground out 6-3 (Groundball, 6)
|
Batting: RHB Kendrick Drumgoole
|
0-0: Ball 1-0: Called Strike 1-1: Ball 2-1: Called Strike 2-2: Ball 3-2: Foul Ball, location: 2F 3-2: Foul Ball, location: 2F 3-2: Ground out 4-3 (Groundball, 34D)
|
Batting: RHB John Willoughby
|
0-0: Fly out, F8 (Flyball, 8LD)
|
Top of the 1st over - 0 runs, 0 hits, 0 errors, 0 left on base; Atlantic City 0 - Lake Minnetonka 0 |
BOTTOM OF THE 1ST |
Lake Minnetonka Love Boats batting - Pitching for Atlantic City Sonics : LHP Ron Fernández
|
Pitching: LHP Ron Fernández
|
|
Batting: RHB Francisco Guerra
|
0-0: Ball 1-0: Ball 2-0: Ground out U3 (Groundball, 3)
|
Batting: RHB Jeff Hunter
|
0-0: Called Strike 0-1: Fly out, F9 (Line Drive, 9)
|
Batting: LHB Wilton Maynard
|
0-0: Ball 1-0: DOUBLE (Flyball, 89D)
|
Batting: RHB Mario van Heijbeeck
|
0-0: Ball 1-0: Ball 2-0: Foul Ball, location: 2F 2-1: Ball 3-1: Fly out, F8 (Flyball, 8RS)
|
Bottom of the 1st over - 0 runs, 1 hit, 0 errors, 1 left on base; Atlantic City 0 - Lake Minnetonka 0 |
TOP OF THE 2ND |
Atlantic City Sonics batting - Pitching for Lake Minnetonka Love Boats : LHP Alejandro García
|
Batting: RHB Carlos Mendoza
|
0-0: Ball 1-0: Swinging Strike 1-1: Swinging Strike 1-2: Ball 2-2: Foul Ball, location: 2F 2-2: Ground out 5-3 (Groundball, 5)
|
Batting: RHB Jeff Quesenberry
|
0-0: Swinging Strike 0-1: Ball 1-1: Called Strike 1-2: Foul Ball, location: 2F 1-2: Ball 2-2: Strikes out looking
|
Batting: RHB Gary Jenkins
|
0-0: Called Strike 0-1: Ball 1-1: Ball 2-1: Ball 3-1: Called Strike 3-2: Foul Ball, location: 2F 3-2: Base on Balls
|
Batting: LHB Bryce Abood
|
0-0: Ball 1-0: Called Strike 1-1: Ball 2-1: Swinging Strike 2-2: Ground out 4-3 (Groundball, 4)
|
Top of the 2nd over - 0 runs, 0 hits, 0 errors, 1 left on base; Atlantic City 0 - Lake Minnetonka 0 |
BOTTOM OF THE 2ND |
Lake Minnetonka Love Boats batting - Pitching for Atlantic City Sonics : LHP Ron Fernández
|
Batting: LHB Juan Ramírez
|
0-0: Called Strike 0-1: Ball 1-1: Fly out, F3 (Popup, 34)
|
Batting: RHB Mike Bean
|
0-0: SINGLE (Groundball, 6MS) (infield hit)
|
Batting: RHB Martin van Veldhuizen
|
0-0: Called Strike 0-1: Called Strike 0-2: Ball 1-2: Fly out, F9 (Flyball, 9LSF)
|
Batting: RHB Hatui Haunani
|
0-0: Swinging Strike 0-1: Foul Ball, location: 2F 0-2: Ball Mike Bean is caught stealing 2nd base
|
Bottom of the 2nd over - 0 runs, 1 hit, 0 errors, 0 left on base; Atlantic City 0 - Lake Minnetonka 0 |
TOP OF THE 3RD |
Atlantic City Sonics batting - Pitching for Lake Minnetonka Love Boats : LHP Alejandro García
|
Batting: LHB António Casas
|
0-0: Called Strike 0-1: Foul Ball, location: 2F 0-2: Ball 1-2: SINGLE (Line Drive, 3D)
|
Batting: LHB Scotty Mitchell
|
0-0: Ball 1-0: Called Strike 1-1: Grounds into double play, 6-4-3 (Groundball, 6)
|
Batting: RHB Toyozo Yamasaki
|
0-0: Ball 1-0: Ball 2-0: Ball 3-0: Called Strike 3-1: Ground out 4-3 (Groundball, 4)
|
Top of the 3rd over - 0 runs, 1 hit, 0 errors, 0 left on base; Atlantic City 0 - Lake Minnetonka 0 |
BOTTOM OF THE 3RD |
Lake Minnetonka Love Boats batting - Pitching for Atlantic City Sonics : LHP Ron Fernández
|
Batting: RHB Hatui Haunani
|
0-0: Called Strike 0-1: Foul Ball, location: 2F 0-2: Ground out 5-3 (Groundball, 56)
|
Batting: RHB Yoshii Saikawa
|
0-0: Ball 1-0: Called Strike 1-1: Ball 2-1: Ball 3-1: Called Strike 3-2: Strikes out looking
|
Batting: RHB Francisco Guerra
|
0-0: Called Strike 0-1: Ground out 4-3 (Groundball, 4MS)
|
Bottom of the 3rd over - 0 runs, 0 hits, 0 errors, 0 left on base; Atlantic City 0 - Lake Minnetonka 0 |
TOP OF THE 4TH |
Atlantic City Sonics batting - Pitching for Lake Minnetonka Love Boats : LHP Alejandro García
|
Batting: RHB Kendrick Drumgoole
|
0-0: Called Strike 0-1: Swinging Strike 0-2: Ball 1-2: Foul Ball, location: 2F 1-2: Ball 2-2: Fly out, F8 (Flyball, 8LS)
|
Batting: RHB John Willoughby
|
0-0: Called Strike 0-1: Ball 1-1: Fly out, F7 (Flyball, 7LS)
|
Batting: RHB Carlos Mendoza
|
0-0: Ball 1-0: Ball 2-0: SINGLE (Groundball, 56D)
|
Batting: RHB Jeff Quesenberry
|
0-0: Called Strike 0-1: Ball 1-1: Called Strike 1-2: Ball 2-2: Fly out, F7 (Flyball, 7)
|
Top of the 4th over - 0 runs, 1 hit, 0 errors, 1 left on base; Atlantic City 0 - Lake Minnetonka 0 |
BOTTOM OF THE 4TH |
Lake Minnetonka Love Boats batting - Pitching for Atlantic City Sonics : LHP Ron Fernández
|
Batting: RHB Jeff Hunter
|
0-0: Ground out 5-3 (Groundball, 56S)
|
Batting: LHB Wilton Maynard
|
0-0: Called Strike 0-1: Swinging Strike 0-2: Ground out 1-3 (Groundball, 13)
|
Batting: RHB Mario van Heijbeeck
|
0-0: DOUBLE (Line Drive, 89XD)
|
Batting: LHB Juan Ramírez
|
0-0: Called Strike 0-1: Foul Ball, location: 2F 0-2: Strikes out swinging
|
Bottom of the 4th over - 0 runs, 1 hit, 0 errors, 1 left on base; Atlantic City 0 - Lake Minnetonka 0 |
TOP OF THE 5TH |
Atlantic City Sonics batting - Pitching for Lake Minnetonka Love Boats : LHP Alejandro García
|
Batting: RHB Gary Jenkins
|
0-0: Bunted foul 0-1: Ball 1-1: Foul Ball, location: 2F 1-2: Ball 2-2: Strikes out swinging
|
Batting: LHB Bryce Abood
|
0-0: Swinging Strike 0-1: Ball 1-1: Foul Ball, location: 2F 1-2: Strikes out swinging
|
Batting: LHB António Casas
|
0-0: Called Strike 0-1: Ball 1-1: Ball 2-1: Foul Ball, location: 2F 2-2: SINGLE (Line Drive, 8LS)
|
Batting: LHB Scotty Mitchell
|
0-0: Ball 1-0: Foul Ball, location: 2F 1-1: Called Strike António Casas steals 2nd base 1-2: Strikes out looking
|
Top of the 5th over - 0 runs, 1 hit, 0 errors, 1 left on base; Atlantic City 0 - Lake Minnetonka 0 |
BOTTOM OF THE 5TH |
Lake Minnetonka Love Boats batting - Pitching for Atlantic City Sonics : LHP Ron Fernández
|
Batting: RHB Mike Bean
|
0-0: Fly out, F9 (Flyball, 89M)
|
Batting: RHB Martin van Veldhuizen
|
0-0: Ground out 4-3 (Groundball, 4)
|
Batting: RHB Hatui Haunani
|
0-0: Called Strike 0-1: Called Strike 0-2: Foul Ball, location: 2F 0-2: Ball 1-2: Ball 2-2: Foul Ball, location: 2F 2-2: Foul Ball, location: 2F 2-2: Strikes out swinging
|
Bottom of the 5th over - 0 runs, 0 hits, 0 errors, 0 left on base; Atlantic City 0 - Lake Minnetonka 0 |
TOP OF THE 6TH |
Atlantic City Sonics batting - Pitching for Lake Minnetonka Love Boats : LHP Alejandro García
|
Batting: RHB Toyozo Yamasaki
|
0-0: Called Strike 0-1: Ball 1-1: SINGLE (Line Drive, 3)
|
Batting: RHB Kendrick Drumgoole
|
0-0: Ball 1-0: Foul Ball, location: 2F 1-1: Grounds into double play, 6-4-3 (Groundball, 56)
|
Batting: RHB John Willoughby
|
0-0: Called Strike 0-1: Ball 1-1: Ground out 6-3 (Groundball, 6)
|
Top of the 6th over - 0 runs, 1 hit, 0 errors, 0 left on base; Atlantic City 0 - Lake Minnetonka 0 |
BOTTOM OF THE 6TH |
Lake Minnetonka Love Boats batting - Pitching for Atlantic City Sonics : LHP Ron Fernández
|
Batting: RHB Yoshii Saikawa
|
0-0: Called Strike 0-1: Ball 1-1: Swinging Strike 1-2: Foul Ball, location: 2F 1-2: Strikes out swinging
|
Batting: RHB Francisco Guerra
|
0-0: Foul Ball, location: 2F 0-1: Ball 1-1: Called Strike 1-2: Foul Ball, location: 2F 1-2: Foul Ball, location: 2F 1-2: Ground out 4-3 (Groundball, 4)
|
Batting: RHB Jeff Hunter
|
0-0: Called Strike 0-1: Foul Ball, location: 2F 0-2: Foul Ball, location: 2F 0-2: Ball 1-2: Ball 2-2: Foul Ball, location: 2F 2-2: Ball 3-2: Foul Ball, location: 2F 3-2: Foul Ball, location: 2F 3-2: Foul Ball, location: 2F 3-2: Base on Balls
|
Batting: LHB Wilton Maynard
|
0-0: Fly out, F9 (Line Drive, 89D)
|
Bottom of the 6th over - 0 runs, 0 hits, 0 errors, 1 left on base; Atlantic City 0 - Lake Minnetonka 0 |
TOP OF THE 7TH |
Atlantic City Sonics batting - Pitching for Lake Minnetonka Love Boats : LHP Alejandro García
|
Batting: RHB Carlos Mendoza
|
0-0: Ball 1-0: Ball 2-0: Called Strike 2-1: Ball 3-1: Foul Ball, location: 2F 3-2: Base on Balls
|
Batting: RHB Jeff Quesenberry
|
0-0: Ball 1-0: Swinging Strike 1-1: Ball 2-1: Fielders Choice at 2nd, 4-6 (Groundball, 4)
|
Pitching: RHP Pancho Mastache
|
|
Batting: RHB Gary Jenkins
|
0-0: Called Strike 0-1: Ball 1-1: Ball 2-1: Fly out, F8 (Flyball, 78M)
|
Batting: LHB Bryce Abood
|
0-0: Called Strike 0-1: Ball 1-1: Called Strike 1-2: Strikes out looking
|
Top of the 7th over - 0 runs, 0 hits, 0 errors, 1 left on base; Atlantic City 0 - Lake Minnetonka 0 |
BOTTOM OF THE 7TH |
Lake Minnetonka Love Boats batting - Pitching for Atlantic City Sonics : LHP Ron Fernández
|
Batting: RHB Mario van Heijbeeck
|
0-0: Ball 1-0: Called Strike 1-1: Swinging Strike 1-2: Fly out, F3 (Popup, 34S)
|
Batting: LHB Juan Ramírez
|
0-0: Foul Ball, location: 2F 0-1: Ball 1-1: Swinging Strike 1-2: Ball 2-2: Fly out, F8 (Flyball, 8LM)
|
Batting: RHB Mike Bean
|
0-0: SINGLE (Groundball, 4MD)
|
Batting: RHB Martin van Veldhuizen
|
0-0: Ball 1-0: Called Strike 1-1: Called Strike 1-2: Ball 2-2: Reached on error, E5 (Groundball, 56) Mike Bean to second
|
Batting: RHB Hatui Haunani
|
0-0: Ball 1-0: Ball 2-0: Called Strike 2-1: Ball 3-1: Fielders Choice at 2nd, 5-4 (Groundball, 56)
|
Bottom of the 7th over - 0 runs, 1 hit, 1 error, 2 left on base; Atlantic City 0 - Lake Minnetonka 0 |
TOP OF THE 8TH |
Atlantic City Sonics batting - Pitching for Lake Minnetonka Love Boats : RHP Pancho Mastache
|
Batting: LHB António Casas
|
0-0: Ball 1-0: Called Strike 1-1: Foul Ball, location: 2F 1-2: Ball 2-2: Fly out, F7 (Flyball, 7D)
|
Batting: LHB Scotty Mitchell
|
0-0: Ball 1-0: Ball 2-0: DOUBLE (Line Drive, 7D)
|
Pinch Hitting: LHB Xuan-ling Liao
|
0-0: Ball 1-0: Swinging Strike 1-1: Ball 2-1: Ground out 4-3 (Groundball, 4) Scotty Mitchell to third
|
Batting: RHB Kendrick Drumgoole
|
0-0: Called Strike 0-1: Swinging Strike 0-2: Ball 1-2: Strikes out swinging
|
Top of the 8th over - 0 runs, 1 hit, 0 errors, 1 left on base; Atlantic City 0 - Lake Minnetonka 0 |
BOTTOM OF THE 8TH |
Lake Minnetonka Love Boats batting - Pitching for Atlantic City Sonics : LHP Ron Fernández
|
Pitching: RHP Butch Cummings
|
|
Now at 2B: Xuan-ling Liao
|
|
Batting: RHB Yoshii Saikawa
|
0-0: Ball 1-0: Called Strike 1-1: Ball 2-1: Ground out 4-3 (Groundball, 4D)
|
Pinch Hitting: LHB Matt Palmer
|
0-0: Ball 1-0: Foul Ball, location: 2F 1-1: Foul Ball, location: 2F 1-2: Strikes out looking
|
Batting: RHB Jeff Hunter
|
0-0: Ball 1-0: Ball 2-0: SINGLE (Flyball, 9LS)
|
Batting: LHB Wilton Maynard
|
0-0: Ball 1-0: Ground out 1-3 (Groundball, 13S)
|
Bottom of the 8th over - 0 runs, 1 hit, 0 errors, 1 left on base; Atlantic City 0 - Lake Minnetonka 0 |
TOP OF THE 9TH |
Atlantic City Sonics batting - Pitching for Lake Minnetonka Love Boats : RHP Pancho Mastache
|
Pitching: RHP Harry Stogsdill
|
|
Now at 1B: Matt Palmer
|
|
Batting: RHB John Willoughby
|
0-0: Ball 1-0: Called Strike 1-1: Ball 2-1: Ground out 6-3 (Groundball, 6)
|
Batting: RHB Carlos Mendoza
|
0-0: Called Strike 0-1: Ball 1-1: Ball 2-1: Ball 3-1: Called Strike 3-2: Foul Ball, location: 2F 3-2: Fly out, F8 (Flyball, 8LM)
|
Batting: RHB Jeff Quesenberry
|
0-0: Ball 1-0: Called Strike 1-1: Ground out 5-3 (Groundball, 5L)
|
Top of the 9th over - 0 runs, 0 hits, 0 errors, 0 left on base; Atlantic City 0 - Lake Minnetonka 0 |
BOTTOM OF THE 9TH |
Lake Minnetonka Love Boats batting - Pitching for Atlantic City Sonics : RHP Butch Cummings
|
Pitching: RHP Amando Codes
|
|
Batting: RHB Mario van Heijbeeck
|
0-0: Ball 1-0: Swinging Strike 1-1: Ball 2-1: Ball 3-1: Foul Ball, location: 2F 3-2: Foul Ball, location: 2F 3-2: Fly out, F4 (Popup, 4)
|
Batting: LHB Juan Ramírez
|
0-0: Ball 1-0: Swinging Strike 1-1: Ball 2-1: Ball 3-1: Foul Ball, location: 2F 3-2: Base on Balls
|
Batting: RHB Mike Bean
|
0-0: Foul Ball, location: 2F 0-1: Foul Ball, location: 2F 0-2: Ball 1-2: Fly out, F8 (Line Drive, 8LD)
|
Batting: RHB Martin van Veldhuizen
|
0-0: Ball Pickoff Throw to First - Out!
|
Bottom of the 9th over - 0 runs, 0 hits, 0 errors, 0 left on base; Atlantic City 0 - Lake Minnetonka 0 |
TOP OF THE 10TH |
Atlantic City Sonics batting - Pitching for Lake Minnetonka Love Boats : RHP Harry Stogsdill
|
Batting: RHB Gary Jenkins
|
0-0: Called Strike 0-1: Swinging Strike 0-2: Ball 1-2: Strikes out swinging
|
Batting: LHB Bryce Abood
|
0-0: Called Strike 0-1: Foul Ball, location: 2F 0-2: Ball 1-2: Fly out, F8 (Flyball, 8RS)
|
Batting: LHB António Casas
|
0-0: Called Strike 0-1: Ball 1-1: Foul Ball, location: 2F 1-2: Foul Ball, location: 2F 1-2: Ground out 5-3 (Groundball, 56)
|
Top of the 10th over - 0 runs, 0 hits, 0 errors, 0 left on base; Atlantic City 0 - Lake Minnetonka 0 |
|